 Dungeon Crawl Stone Soup version 0.23-a0-841-g41928f0 (webtiles) character file.

227 pmoppi the Poker (level 6, -2/73 HPs)
             Began as a Merfolk Monk on Jan 25, 2019.
             Slain by Grinder (6 damage)
             ... on level 3 of the Dungeon.
             The game lasted 00:04:10 (2813 turns).

pmoppi the Poker (Merfolk Monk)                     Turns: 2813, Time: 00:04:10

Health: -2/73      AC: 23    Str: 15    XL:     6   Next: 2%
Magic:  5/5        EV:  2    Int:  9    God:
Gold:   127        SH:  0    Dex: 22    Spells: 5/5 levels left

rFire    + . .     SeeInvis .   a - +0 spear
rCold    + . .     Gourm    .   (no shield)
rNeg     + + +     Faith    .   (armour currently unavailable)
rPois    +         Spirit   .   (helmet currently unavailable)
rElec    +         Reflect  .   (cloak currently unavailable)
rCorr    +         Harm     .   (gloves currently unavailable)
MR       .....     NoTele   +   (boots currently unavailable)
Stlth    +++.......             (no amulet)
HPRegen  0.22/turn              (no ring)
MPRegen  0.09/turn              (no ring)

@: agile, tree-form, resistant
A: (change form in water), (swift swim), (stealthy swim), low mp 1, strong 1
a: no special abilities


You were on level 3 of the Dungeon.
You were not hungry.
You were a tree.
You visited 1 branch of the dungeon, and saw 3 of its levels.

You collected 127 gold pieces.

Inventory:

Hand Weapons
 a - a +0 spear (weapon)
Armour
 d - a +0 pair of gloves (melded)
 o - a cursed +0 leather armour (melded)
Jewellery
 b - an uncursed ring of ice {unknown}
 p - a +2 ring of strength {unknown}
Scrolls
 e - a scroll of noise {unknown}
 g - 3 scrolls of remove curse {unknown}
 h - 2 scrolls of blinking {unknown}
 m - a scroll of teleportation {unknown}
 q - a scroll of amnesia {unknown}
 r - a scroll of fog {unknown}
 t - a scroll of immolation {unknown}
Potions
 f - a potion of might
 k - a potion of agility
Comestibles
 c - 5 rations


   Skills:
 + Level 4.5 Fighting
 * Level 7.3 Polearms
 + Level 5.4 Dodging
 - Level 2.1 Stealth


You had 5 spell levels left.
You didn't know any spells.
Your spell library was empty.

Dungeon Overview and Level Annotations

Branches:
Dungeon (3/15)

Altars:

Annotations:
D:3 Grinder


Innate Abilities, Weirdness & Mutations

((You revert to your normal form in water))
((You are very nimble and swift while swimming.))
((You are very stealthy in the water. (Stealth+)))
((You have a pair of small horns on your head.))
Your magical capacity is low. (-10% MP)
Your muscles are strong. (Str +2)


Message History

Grinder is heavily wounded.
The phantom blinks!
You hit Grinder but do no damage.
Grinder is heavily wounded.
Grinder gestures at you. You resist with significant effort.
You hit Grinder but do no damage.
Grinder is heavily wounded.
Grinder hits you.
* * * LOW HITPOINT WARNING * * *
You barely miss Grinder.
Grinder is heavily wounded.
Grinder hits you but does no damage.
You closely miss Grinder.
Grinder is heavily wounded.
You hit Grinder.
Grinder is heavily wounded.
Grinder says, "At least Makhleb appreciates what I'm doing."
Grinder hits you.
You die...

#.....l ###### .# #......
#....##.# ..#
#......##.......# #.#..
#...o)......# ###.#.#
#######.....# #<#.#.#
#.....###.#[#.#.# ..#5
.^.. #....(....#.#.#.#
#.#. ...
###5#######.#.#.# ... ...
#(♣.........#.# #.. ?.
.############.....# .. .#
#.......#.......### #.#.#
#.#####.#.#####)# #...#
#.#<..#.#.....#)#####
####.$#
#.#.#.÷.......#.....#
#.÷..>#
#.#.#.#.###########.#
#.#####
#.#.#.#...........#.#
#...#
#####.#.........#####.#.#


You could see Grinder.

Vanquished Creatures
  Jessica (D:2)
  Natasha (thrice) (D:2)
  An orc wizard (D:3)
  2 adders
  An ooze (D:1)
  An adder skeleton (D:2)
  3 worms
  2 dart slugs
  2 leopard geckos (D:1)
  4 orcs (D:3)
  3 giant cockroaches
  4 goblins
  5 hobgoblins
  2 jackals (D:1)
  7 kobolds
  2 quokkas (D:2)
  9 bats
  2 frilled lizards
  5 rats
59 creatures vanquished.

Notes
Turn   | Place    | Note
-------+----------+-------------------------------------------
     0 | D:1      | pmoppi the Merfolk Monk began the quest for the Orb.
     0 | D:1      | Reached XP level 1. HP: 18/18 MP: 1/1
    57 | D:1      | Reached XP level 2. HP: 21/24 MP: 2/2
   277 | D:1      | Reached skill level 5 in Polearms
   679 | D:1      | Reached XP level 3. HP: 29/29 MP: 3/3
  1144 | D:2      | Noticed Jessica
  1155 | D:2      | Killed Jessica
  1155 | D:2      | Reached skill level 6 in Polearms
  1155 | D:2      | Reached XP level 4. HP: 36/37 MP: 4/4
  1568 | D:2      | Noticed Natasha
  1577 | D:2      | Killed Natasha
  1577 | D:2      | Reached skill level 5 in Dodging
  1577 | D:2      | Reached XP level 5. HP: 15/42 MP: 5/5
  1816 | D:2      | Noticed Natasha
  1829 | D:2      | Killed Natasha
  2163 | D:2      | Noticed Natasha
  2175 | D:2      | Killed Natasha
  2175 | D:2      | Reached skill level 7 in Polearms
  2383 | D:3      | Noticed Grinder
  2461 | D:3      | Reached XP level 6. HP: 3/49 MP: 6/6
  2761 | D:3      | Noticed a phantom
  2795 | D:3      | Paralysed by Grinder for 2 turns
  2807 | D:3      | Gained mutation: Your magical capacity is low. (-10% MP)
                  | [potion of mutation]
  2807 | D:3      | Gained mutation: You have a pair of small horns on your
                  | head. [potion of mutation]
  2807 | D:3      | Gained mutation: Your muscles are strong. (Str +2) [potion
                  | of mutation]
  2813 | D:3      | Slain by Grinder

Vault maps used:
D:1:      evilmike_arrival_run_for_it
D:2:      st_stairs_10, uniq_natasha, uniq_jessica
D:3:      fedhas_altar_1, uniq_grinder

Skill      XL: |  1  2  3  4  5 |
---------------+----------------+-----
Polearms       | 5 6 7 |  7.3
Fighting       | 4 |  4.5
Dodging        | 5 |  5.4
Stealth        | |  2.1

Action                   |  1- 3 |  4- 6 || total
-------------------------+-------+-------++-------
Melee: Spear             |   107 |   196 ||   303
  Use: Potion            |       |     5 ||     5
 Stab: Sleeping          |    10 |     3 ||    13
  Eat: Chunk             |     1 |     5 ||     6
Armor: Robe              |     5 |       ||     5
       Leather armour    |     3 |    23 ||    26
       Skin              |       |     5 ||     5
Dodge: Dodged            |    43 |    85 ||   128

Table legend:
 A = Non-vault XP
 B = Vault XP
 C = Vault XP percentage of total XP
 D = Non-vault monster count
 E = Vault monster count
 F = Vault count percentage of total count
                 A         B        C        D         E       F
            +---------+---------+-------+---------+---------+-------
      Total |     229 |      96 |  29.5 |      52 |       7 |  11.9
            +---------+---------+-------+---------+---------+-------
        D:1 |      39 |       5 |  11.4 |      17 |       1 |   5.6
        D:2 |     120 |      91 |  43.1 |      24 |       6 |  20.0
        D:3 |      70 |       0 |   0.0 |      11 |       0 |   0.0
            +---------+---------+-------+---------+---------+-------
